 Dungeon Crawl Stone Soup version 0.24-a0-136-gad582e5 (webtiles) character file.

Game seed: 15933565303388847980

516086 Gorice the Impregnable (level 25, -37/238 HPs)
             Began as a Hill Orc Wanderer on Feb 8, 2019.
             Was the Champion of the Shining One.
             Killed from afar by an ancient lich (98 damage)
             ... with a crystal spear
             ... on level 4 of the Depths on Feb 28, 2019.
             The game lasted 05:06:21 (60204 turns).

Gorice the Impregnable (Hill Orc Wanderer)         Turns: 60204, Time: 05:06:22

Health: -37/238    AC: 42    Str: 23    XL:     25   Next: 71%
Magic:  27/37      EV: 10    Int: 12    God:    the Shining One [******]
Gold:   6086       SH:  0    Dex: 10    Spells: 34/45 levels left

rFire    + . .     SeeInvis .   a - +2 battleaxe (flame)
rCold    + . .     Gourm    .   (shield currently unavailable)
rNeg     + + +     Faith    .   D - +3 crystal plate armour of the Shore {rElec rPois rF+ Int-4}
rPois    +         Spirit   .   T - +1 helmet {Int+3}
rElec    +         Reflect  .   u - +1 cloak
rCorr    .         Harm     .   G - +2 pair of gloves
MR       +....                  Q - +2 pair of boots
Stlth    ..........             L - amulet of regeneration
HPRegen  0.89/turn              s - ring of Ticzurph {rC+ Str+3 Slay+3}
MPRegen  0.25/turn              P - +5 ring of protection

@: corroded, glowing
A: dopey 1, weak 2
}: 2/15 runes: serpentine, barnacled
a: Divine Shield, Cleansing Flame, Summon Divine Warrior, Brand Weapon With Holy
Wrath, Renounce Religion


You were on level 4 of the Depths.
You worshipped the Shining One.
The Shining One was exalted by your worship.
You were not hungry.

You visited 10 branches of the dungeon, and saw 46 of its levels.
You visited the Abyss 3 times.
You also visited: Bailey, Gauntlet, Ice Cave and Wizlab.

You collected 8153 gold pieces.
You spent 2067 gold pieces at shops.

Inventory:

Hand Weapons
 a - a +2 battleaxe of flaming (weapon)
   (You acquired it in a bailey)
 B - a +3 blowgun
Missiles
 w - 2 javelins of returning
 E - 16 curare-tipped needles
 H - 31 poisoned javelins (quivered)
 Z - 10 throwing nets {!f}
Armour
 f - a +0 troll leather armour
 u - a +1 cloak (worn)
 D - the +3 crystal plate armour of the Shore (worn) {rElec rPois rF+ Int-4}
   (You bought it in a shop on level 2 of the Orcish Mines)

   It affects your intelligence (-4).
   It protects you from fire.
   It insulates you from electricity.
   It protects you from poison.
 G - a +2 pair of gloves (worn)
 Q - a +2 pair of boots (worn)
 T - a +1 helmet of intelligence (worn)
   (You found it in a Gauntlet)
Jewellery
 s - the ring of Ticzurph (left hand) {rC+ Str+3 Slay+3}
   (You found it on level 13 of the Dungeon)

   [ring of strength]

   It affects your strength (+3).
   It affects your accuracy and damage with ranged weapons and melee attacks
   (+3).
   It protects you from cold.
 C - the ring "Bekluawe" {rCorr Dex+7 Stlth-}
   (You took it off a deep elf sorcerer on level 3 of the Elven Halls)

   [ring of resist corrosion]

   It affects your dexterity (+7).
   It makes you less stealthy.
 F - an uncursed ring of flight
 L - an amulet of regeneration (around neck)
 P - a +5 ring of protection (right hand)
Wands
 d - a wand of enslavement (11)
 e - a wand of acid (17)
 r - a wand of digging (15)
 y - a wand of iceblast (39)
 M - a wand of paralysis (54)
 N - a wand of scattershot (4)
Scrolls
 g - 28 scrolls of remove curse
 h - 6 scrolls of magic mapping {!r}
 i - 9 scrolls of fear {!r}
 j - 2 scrolls of summoning {!r}
 m - 7 scrolls of fog
 q - 7 scrolls of blinking
 J - 26 scrolls of identify
 O - 27 scrolls of teleportation {!r}
Potions
 k - 4 potions of might {!q}
 l - 2 potions of agility {!q}
 n - 7 potions of magic {!q}
 p - a potion of mutation {!q}
 t - 13 potions of heal wounds {!q}
 v - 4 potions of cancellation {!q}
 x - 14 potions of curing
 z - a potion of berserk rage
 A - 3 potions of resistance {!q}
 S - 5 potions of haste {!q}
Miscellaneous
 b - a lamp of fire
 W - 2 boxes of beasts
Comestibles
 o - 77 rations


   Skills:
 - Level 22.0 Fighting
 - Level 19.8(20.0) Axes
   Level 3.2(12.0) Maces & Flails
 - Level 12.0 Throwing
 - Level 22.0 Armour
 - Level 12.0 Dodging
   Level 2.1 Shields
 + Level 10.8 Spellcasting
 + Level 4.8 Hexes
 + Level 4.4 Charms
 - Level 11.0 Translocations
 - Level 14.0 Invocations
 - Level 12.0 Evocations


You had 34 spell levels left.
You knew the following spells:

 Your Spells              Type           Power        Failure   Level  Hunger
s - Summon Lightning Spi  Summ/Air       #.......     100%        4    ###....
w - Spectral Weapon       Hex/Chrm       ###.....     56%         3    #......
A - Apportation           Tloc           ####..       1%          1    None
B - Summon Butterflies    Summ           #.......     85%         1    None
J - Blink                 Tloc           N/A          2%          2    None

Your spell library contained the following spells:

 Spells                   Type           Power        Failure   Level  Hunger
 Gell's Gravitas          Tloc           ####......   5%          3    #......
 Teleport Other           Tloc           ####....     5%          3    #......
 Shroud of Golubria       Chrm/Tloc      ####......   10%         2    None
 Portal Projectile        Hex/Tloc       ####..       19%         3    #......
 Confusing Touch          Hex            ###...       22%         1    None
 Corona                   Hex            ###....      22%         1    None
 Infusion                 Chrm           ###.         26%         1    None
 Slow                     Hex            ###.....     32%         2    None
 Song of Slaying          Chrm           ###.....     36%         2    None
 Confuse                  Hex            ###.....     54%         3    #......
 Tukima's Dance           Hex            ###.....     54%         3    #......
 Ensorcelled Hibernation  Hex/Ice        ##....       65%         2    None
 Swiftness                Chrm/Air       ##......     67%         2    None
 Animate Skeleton         Necr           N/A          85%         1    None
 Flame Tongue             Conj/Fire      #....        85%         1    None
 Freeze                   Ice            #...         85%         1    None
 Magic Dart               Conj           #...         85%         1    None
 Pain                     Necr           #...         85%         1    None
 Shock                    Conj/Air       #...         85%         1    None
 Sting                    Conj/Pois      #...         85%         1    None
 Summon Small Mammal      Summ           #...         85%         1    None
 Force Lance              Conj/Tloc      ###.....     86%         4    ###....
 Dazzling Spray           Conj/Hex       ##....       87%         3    #......
 Inner Flame              Hex/Fire       ##......     87%         3    #......
 Summon Guardian Golem    Hex/Summ       ##......     87%         3    #......
 Ozocubu's Armour         Chrm/Ice       ##......     88%         3    #......
 Regeneration             Chrm/Necr      ##........   88%         3    #......
 Cause Fear               Hex            ###.......   91%         4    ###....
 Call Imp                 Summ           #.......     94%         2    None
 Corpse Rot               Necr           N/A          94%         2    None
 Poisonous Vapours        Pois/Air       #.....       94%         2    None
 Searing Ray              Conj           #.....       94%         2    None
 Sublimation of Blood     Necr           #.........   94%         2    None
 Throw Flame              Conj/Fire      #.....       94%         2    None
 Throw Frost              Conj/Ice       #.....       94%         2    None
 Dispersal                Tloc           ####......   95%         6    ######.
 Call Canine Familiar     Summ           #.......     99%         3    #......
 Conjure Flame            Conj/Fire      #.......     99%         3    #......
 Mephitic Cloud           Conj/Pois/Air  #.......     99%         3    #......
 Static Discharge         Conj/Air       #.......     99%         3    #......
 Vampiric Draining        Necr           #.........   99%         3    #......
 Fulminant Prism          Conj/Hex       ##........   99%         4    ###....
 Airstrike                Air            #.........   100%        4    ###....
 Animate Dead             Necr           N/A          100%        4    ###....
 Iskenderun's Mystic Bla  Conj           #.......     100%        4    ###....
 Olgreb's Toxic Radiance  Pois           #.......     100%        4    ###....
 Sticky Flame             Conj/Fire      #.......     100%        4    ###....
 Summon Ice Beast         Ice/Summ       #.......     100%        4    ###....
 Throw Icicle             Conj/Ice       #.......     100%        4    ###....
 Aura of Abjuration       Summ           #.........   100%        5    #####..
 Bolt of Magma            Conj/Fire/Erth #.........   100%        5    #####..
 Fireball                 Conj/Fire      #.........   100%        5    #####..
 Lightning Bolt           Conj/Air       #.........   100%        5    #####..
 Metabolic Englaciation   Hex/Ice        ##........   100%        5    #####..
 Silence                  Hex/Air        ##........   100%        5    #####..
 Summon Mana Viper        Hex/Summ       ##......     100%        5    #####..
 Venom Bolt               Conj/Pois      #.........   100%        5    #####..
 Yara's Violent Unravell  Hex/Tmut       ##........   100%        5    #####..
 Bolt of Fire             Conj/Fire      #.........   100%        6    ######.
 Deflect Missiles         Chrm/Air       ##........   100%        6    ######.
 Freezing Cloud           Conj/Ice/Air   #.........   100%        6    ######.
 Shadow Creatures         Summ           N/A          100%        6    ######.
 Dragon Form              Tmut           #.........   100%        7    #######
 Ring of Flames           Chrm/Fire      ##........   100%        7    #######
 Summon Hydra             Summ           #.........   100%        7    #######
 Controlled Blink         Tloc           N/A          100%        8    #######
 Death's Door             Chrm/Necr      ##........   100%        8    #######
 Discord                  Hex            ###.......   100%        8    #######
 Disjunction              Tloc           ####......   100%        8    #######
 Dragon's Call            Summ           #.........   100%        9    #######


Dungeon Overview and Level Annotations

Branches:
Dungeon (15/15)            Temple (1/1) D:4            Lair (6/6) D:11
 Shoals (4/4) Lair:4        Snake (4/4) Lair:4        Slime (0/5) Lair:5
    Orc (2/2) D:9             Elf (3/3) Orc:2        Vaults (4/5) D:14
  Crypt (3/3) Vaults:2       Tomb (0/3) Crypt:3      Depths (4/5) D:15

Altars:
Ashenzari
Cheibriados
Dithmenos
Elyvilon
Fedhas
Gozag
Hepliaklqana
Kikubaaqudgha
Makhleb
Nemelex Xobeh
Okawaru
Qazlal
Ru
Sif Muna
Trog
Uskayaw
Vehumet
Wu Jian
Xom
Yredelemnul
Zin
The Shining One
Beogh
Jiyva

Shops:
D:7 *   D:8 *   D:9 *[   D:10 :   D:13 %   Orc:2 *}*([   Elf:1 =   Elf:3 (
Shoals:1 %   Snake:1 %   Vaults:2 !   Vaults:3 (*   Vaults:4 :%:!

Portals:
Hell: Depths:1 Depths:2 Depths:3 Depths:4
Abyss: Depths:1 Depths:3 Depths:4
Pandemonium: Depths:2 Depths:3
Ziggurat: Depths:2
Trove: Vaults:4 (show slimy rune of Zot)

Annotations:
Lair:6 2 transporters, XanderDroid's ghost, journeyman MiBe


Innate Abilities, Weirdness & Mutations

You are dopey. (Int -2)
You are very weak. (Str -4)


Message History

The ancient lich is moderately damaged.
The ancient lich touches you but does no damage.
You slash the ancient lich! You burn the ancient lich.
The ancient lich is heavily damaged.
The ancient lich touches you!
Damage: 9 (max 15)
You hit the ancient lich but do no damage.
The ancient lich is heavily damaged.
The ancient lich touches you but does no damage.
The ancient lich casts a spell at you. The bolt of acid hits you!!!
The acid corrodes you!
You are splashed with acid!
Damage: 68 (max 68)
You hit the ancient lich but do no damage.
The ancient lich is moderately damaged.
The ancient lich touches you but does no damage.
All of the chunks of flesh in your inventory have rotted away.
You hit the ancient lich but do no damage.
The ancient lich is moderately damaged.
The ancient lich barely misses you.
You hit the ancient lich but do no damage.
The ancient lich is moderately damaged.
The ancient lich points at you and mumbles some strange words.
The crystal spear hits you!!!!
* * * LOW HITPOINT WARNING * * *
Damage: 81 (max 81)
You are too injured to fight recklessly!
You are too injured to fight recklessly!
You are too injured to fight recklessly!
You are too injured to fight recklessly!
The golden flame engulfs you but does no damage.
You resist.
The golden flame engulfs the ancient lich!
The ancient lich writhes in agony!
The ancient lich is heavily damaged.
The golden flame engulfs the war gargoyle!
The war gargoyle is moderately damaged.
You feel somewhat more hungry.
The ancient lich touches you but does no damage.
Unknown command.
The golden flame engulfs you but does no damage.
You resist.
The golden flame engulfs the ancient lich!!
The ancient lich writhes in agony!
The ancient lich is severely damaged.
The golden flame engulfs the war gargoyle!
The war gargoyle is heavily damaged.
You feel somewhat more hungry. The ancient lich casts a spell at you.
The crystal spear hits you!!!!
You die...

##################
#$$$$[##≈≈≈#≈≈'... #...>[
#≈#≈#≈##... #.... #≈#≈#≈##...
#... #≈#≈≈≈##.)) #9. #≈######...
# ##### ####L# #≈≈.# #'## #
#.<.#####.##@########'####≈#≈ #
#.#...>...##°#..☼##...).##≈#≈ #
#.#.#####.##○#.#○##.....##≈#≈
#####.#.#####.##°#§#§##.....##≈#≈
............∩.##○#○#.##.>...##≈#≈
#####.#######'##○○○#.##?....##≈≈≈
# #.####....######.######'##### #
#.#..'....######'######§##### #
#.#.##.≈≈.##....=##≈≈≈#§##...


You could see an ancient lich and a war gargoyle.

Vanquished Creatures
  An ancient lich (Crypt:3)
  Boris (4 times) (Crypt:1 Crypt:2 Depths:3 Depths:4)
  Saint Roka (Elf:3)
  A caustic shrike (Depths:2)
  A golden dragon (Depths:2)
  A curse toe (Crypt:3)
  Nikola (Vaults:1)
  4 bone dragons
  4 liches
  3 deep elf blademasters
  A titan (Depths:2)
  2 deep elf master archers (Elf:3)
  A kraken (Shoals:3)
  5 tentacled starspawn
  6 ancient champions
  The ghost of Scuka the Imperceptible, an adept SpEn of Dithmenos (Elf:2)
  2 sphinxes
  A storm dragon (Elf:1)
  3 revenants
  2 tengu reavers
  A shadow dragon (Elf:1)
  8 nagarajas
  5 fire giants
  8 frost giants
  Ilsuiw (Shoals:3)
  8 deep elf sorcerers
  6 vault wardens
  An orc warlord (Depths:3)
  A curse skull (Crypt:1)
  4 deep elf elementalists
  15 stone giants
  5 caustic shrike skeletons (Crypt:3)
  2 reapers
  2 spriggan defenders (Depths:4)
  4 ghouls
  4 war gargoyles
  7 very ugly things
  12 ironheart preservers
  An entropy weaver (Vaults:2)
  Azrael (Snake:2)
  4 vampire knights
  7 deep elf demonologists
  A white draconian (Depths:3)
  6 deep elf annihilators
  4 dire elephants (Lair:6)
  2 minotaurs
  4 merfolk javelineers
  14 deep elf death magi
  5 spark wasps (Depths:2)
  A blizzard demon (Depths:3)
  6 ettins
  Snorg (D:14)
  2 crystal guardians (Depths:4)
  10 merfolk impalers
  Josephine (Lair:6)
  6 eidola
  9 jiangshi (Crypt:1)
  6 yaktaur captains
  8 fire dragons
  A green death (Abyss:3)
  7 great orbs of eyes
  4 deep elf high priests
  4 ice dragons
  16 naga warriors
  5 vault guards
  A merfolk avatar (Shoals:4)
  A spriggan air mage (Depths:3)
  4 hydras
  2 catoblepae
  5 rakshasas
  9 ogre magi
  23 anacondas
  5 merfolk aquamancers
  23 two-headed ogres
  5 death knights
  2 death yaks (IceCv)
  13 centaur warriors
  24 dancing weapons
  A satyr (Shoals:4)
  4 deep troll shamans
  6 vampire magi
  2 alligator snapping turtles (Shoals:3)
  3 deep troll earth magi
  2 spriggan berserkers
  Urug (Lair:1)
  17 naga sharpshooters
  13 shock serpents
  6 thrashing horrors
  A storm dragon zombie (Crypt:2)
  A shock serpent (shapeshifter) (Elf:1)
  2 orc high priests
  3 titan skeletons (Crypt:3)
  An iron troll (Depths:4)
  4 salamander mystics (Snake:4)
  13 deep elf knights
  A spatial maelstrom (Abyss:3)
  3 hell knights
  3 shadow wraiths
  Sonja (Lair:1)
  A soul eater (Crypt:1)
  34 skeletal warriors
  2 fire crabs (shapeshifter)
  A deep troll (shapeshifter) (Vaults:4)
  16 deep trolls
  4 storm dragon skeletons
  3 glowing orange brains
  6 unseen horrors
  A swamp dragon (shapeshifter) (Elf:2)
  A death drake (shapeshifter) (Vaults:1)
  8 sea snakes
  15 deep elf archers
  10 naga ritualists
  An orange crystal statue (Gauntlet)
  11 ironbrand convokers
  A kraken simulacrum (Shoals:4)
  4 lindwurms (Snake:4)
  8 orc knights
  3 wizards
  A ghost moth zombie (Crypt:2)
  A golden dragon skeleton (Crypt:3)
  16 phantasmal warriors
  13 harpies
  A tengu zombie (Vaults:3)
  A mana viper (shapeshifter) (Elf:2)
  10 necromancers
  7 wolf spiders
  A wolf spider zombie (D:14)
  2 human zombies (Vaults:4)
  12 mana vipers
  2 anaconda skeletons
  A worldbinder (Abyss:3)
  A shadow dragon skeleton (Crypt:1)
  6 orc sorcerers
  2 oklob plants (Lair:2)
  4 fauns (Shoals:4)
  61 deep elf magi
  9 cyclopes
  6 salamanders
  36 ugly things
  7 manticores
  A moth of wrath (Elf:2)
  12 merfolk sirens
  3 iron dragon skeletons
  A human skeleton (Vaults:3)
  7 vault sentinels
  47 black mambas
  A smoke demon (Abyss:2)
  An apocalypse crab (Abyss:3)
  Joseph (D:10)
  7 elephants
  8 water nymphs
  A rust devil (Depths:3)
  32 naga magi
  Psyche (D:12)
  4 stone giant skeletons (Crypt:3)
  6 gargoyles
  14 guardian serpents
  An ice statue (IceCv)
  A pale draconian zombie (Crypt:1)
  An orange demon (Depths:3)
  A shock serpent skeleton (Crypt:3)
  8 spiny frogs
  A kobold demonologist (D:12)
  2 rime drakes
  6 komodo dragons
  A hellwing (Abyss:3)
  30 yaktaurs
  A yaktaur skeleton (Vaults:4)
  A red draconian skeleton (Crypt:1)
  6 freezing wraiths
  A catoblepas skeleton (Crypt:3)
  An efreet (Depths:3)
  A yellow draconian skeleton (Crypt:1)
  3 ancient zymes
  4 tengu conjurers
  A harpy zombie (Crypt:3)
  5 wind drakes
  10 polar bears (IceCv)
  A jumping spider (shapeshifter) (Vaults:3)
  4 trolls
  18 slime creatures
  A silent spectre (Abyss:3)
  31 merfolk
  A wolf spider simulacrum (D:14)
  10 hornets
  2 blink frogs (shapeshifter) (Elf:2)
  An ice dragon zombie (Crypt:2)
  10 raiju
  Prince Ribbit (Lair:3)
  4 dream sheep (Shoals:1)
  9 hippogriffs
  12 large abominations
  An ettin zombie (Vaults:4)
  A frost giant simulacrum (Crypt:2)
  13 blink frogs
  5 snapping turtles
  2 shadows
  A stone giant simulacrum (Crypt:2)
  A hippogriff (shapeshifter) (Vaults:1)
  5 spriggans
  3 redbacks (Vaults:2)
  2 ice dragon skeletons (Crypt:3)
  18 starcursed masses
  79 yaks
  14 water elementals
  5 air elementals
  16 wraiths
  3 wyverns
  3 vampires
  4 fire bats (Abyss:2)
  2 golden eyes (Abyss:2)
  7 chaos spawn
  A basilisk (shapeshifter) (Vaults:4)
  8 fire elementals
  4 basilisks
  4 neqoxecs
  5 vampire mosquitoes
  A hungry ghost (D:10)
  A soldier ant (D:12)
  Menkaure (D:7)
  4 wargs
  A hydra simulacrum (Crypt:2)
  A torturous demonspawn zombie (Crypt:3)
  53 nagas
  A deep troll zombie (Vaults:4)
  A gelid demonspawn zombie (Crypt:3)
  Duvessa (D:6)
  19 water moccasins
  9 hell hounds
  A porcupine (shapeshifter) (Elf:2)
  56 orc warriors
  8 porcupines
  7 sky beasts
  4 black bears
  An eye of draining (D:12)
  A manticore zombie (Crypt:2)
  A spiny frog skeleton (Crypt:2)
  2 necrophages
  A swamp dragon zombie (Crypt:1)
  2 snapping turtle zombies
  15 wolves
  3 phantoms
  2 ice beasts
  25 ogres
  13 small abominations
  A snapping turtle skeleton (Crypt:3)
  2 swamp dragon skeletons
  23 centaurs
  A manticore skeleton (Crypt:3)
  19 crocodiles
  6 big kobolds
  17 bullfrogs
  5 gnoll sergeants
  9 earth elementals
  Dowan (D:6)
  2 wyvern zombies
  A cyclops skeleton (Crypt:3)
  4 scorpions
  An orc simulacrum (Vaults:1)
  A water moccasin skeleton (Crypt:3)
  2 human simulacra
  A troll zombie (Abyss:2)
  A spriggan skeleton (Crypt:2)
  37 wights
  2 howler monkeys
  A raiju skeleton (Crypt:2)
  4 electric eels (Lair:5)
  4 centaur zombies
  A lava snake (D:14)
  7 crimson imps
  2 bullfrog zombies
  3 quasits
  A wolf skeleton (Crypt:1)
  A gnoll shaman (D:7)
  16 hounds
  2 bullfrog skeletons
  18 orc priests
  7 iguanas
  20 jellies
  29 orc wizards
  8 centaur skeletons
  4 iron imps
  Natasha (thrice) (D:3)
  A black bear skeleton (Crypt:2)
  6 worker ants
  A naga skeleton (Crypt:3)
  A hound zombie (D:9)
  A hound skeleton (D:10)
  A howler monkey zombie (Crypt:2)
  3 howler monkey skeletons
  48 gnolls
  13 adders
  4 shadow imps
  14 white imps
  7 oozes
  2 worm zombies
  A lava snake skeleton (Crypt:1)
  2 adder skeletons
  A worm (D:3)
  A dart slug (D:1)
  7 leopard geckos
  124 orcs
  5 ball pythons
  8 giant cockroaches
  9 goblins
  14 hobgoblins
  12 jackals
  46 kobolds
  4 quokkas
  3 bats
  4 frilled lizards
  A gnoll zombie (Crypt:3)
  A leopard gecko skeleton (D:5)
  An orc skeleton (Crypt:2)
  3 rats
  3 crawling corpses (Elf:3)
  A fungus (Lair:4)
  5 plants
  4 starspawn tentacles
  4 tentacles
  A withered plant (Crypt:3)
2224 creatures vanquished.

Vanquished Creatures (collateral kills)
  Kirke (Snake:3)
  Aizul (Snake:1)
  A stone giant (Orc:1)
  3 crystal guardians (WizLab)
  An anaconda (Snake:3)
  A death knight (Vaults:1)
  An iron golem (WizLab)
  A wretched star (Abyss:2)
  An unseen horror (shapeshifter) (Elf:2)
  An orc knight (Orc:1)
  A mana viper (Snake:3)
  A mana viper (shapeshifter) (Elf:2)
  A worldbinder (Abyss:2)
  An elephant (shapeshifter) (Elf:2)
  A black mamba (Snake:3)
  2 molten gargoyles (Gauntlet)
  An orange demon (Abyss:2)
  3 gargoyles
  An ancient zyme (Abyss:2)
  A wind drake (shapeshifter) (Elf:2)
  2 raiju (Abyss:2)
  A hippogriff (shapeshifter) (Elf:2)
  A redback (shapeshifter) (Elf:2)
  A chaos spawn (Abyss:2)
  2 hogs (Snake:3)
  A neqoxec (Abyss:2)
  A naga (Snake:3)
  2 hell hounds (Abyss:2)
  3 orc warriors (Orc:1)
  A boggart (shapeshifter) (Elf:2)
  2 earth elementals (WizLab)
  An orc (Orc:1)
43 creatures vanquished.

Vanquished Creatures (others)
  An electric golem (WizLab)
  An ogre mage (Depths:4)
  A smoke demon (Depths:3)
  A large abomination (Abyss:3)
  A human (Snake:3)
  A naga (Snake:4)
  An orc warrior (Orc:1)
  An ogre (Vaults:2)
  2 orc wizards (Elf:1)
  5 orcs (Elf:1)
  A crawling corpse (Elf:1)
  9 demonic plants (Gauntlet)
  7 fungi
  A lurking horror (Abyss:2)
  12 plants
  10 starspawn tentacles
  11 tentacles
66 creatures vanquished.

Grand Total: 2333 creatures vanquished

Notes
Turn   | Place    | Note
-------+----------+-------------------------------------------
     0 | D:1      | Gorice the Hill Orc Wanderer began the quest for the Orb.
     0 | D:1      | Gorice set off with the following items: a +0 shield, a +0
                  | ring mail, a scroll of teleportation {!r}, a +0 club, a
                  | ration
     0 | D:1      | Reached XP level 1. HP: 16/16 MP: 1/1
   302 | D:1      | Reached skill level 2 in Fighting
   302 | D:1      | Reached XP level 2. HP: 21/24 MP: 2/2
   801 | D:2      | Reached XP level 3. HP: 28/30 MP: 3/3
   837 | D:2      | Found a white marble altar of Elyvilon.
   960 | D:2      | Reached skill level 5 in Armour
  1328 | D:3      | Reached skill level 1 in Axes
  1623 | D:3      | Reached skill level 3 in Axes
  1623 | D:3      | Reached XP level 4. HP: 29/37 MP: 4/4
  1761 | D:3      | Noticed Natasha
  1767 | D:3      | HP: 11/37 [Natasha/magic dart (4)]
  1772 | D:3      | Killed Natasha
  1772 | D:3      | Reached skill level 4 in Axes
  1793 | D:3      | Noticed Natasha
  1816 | D:3      | HP: 9/37 [Natasha/magic dart (5)]
  1830 | D:3      | HP: 4/37 [Natasha/magic dart (7)]
  2122 | D:3      | Killed Natasha
  2122 | D:3      | Reached XP level 5. HP: 30/42 MP: 5/5
  2283 | D:3      | Noticed Natasha
  2291 | D:3      | Killed Natasha
  2291 | D:3      | Reached skill level 5 in Axes
  2873 | D:4      | Reached skill level 6 in Axes
  2873 | D:4      | Reached XP level 6. HP: 39/50 MP: 6/6
  2928 | D:4      | HP: 8/50 [ogre/+0 giant club (18)]
  3264 | D:4      | Found a staircase to the Ecumenical Temple.
  3373 | Temple   | Entered the Ecumenical Temple
  3619 | Temple   | Became a worshipper of the Shining One
  3777 | D:4      | Reached skill level 7 in Axes
  3920 | D:4      | Reached skill level 8 in Axes
  3920 | D:4      | Reached XP level 7. HP: 40/56 MP: 7/7
  4215 | D:5      | Entered Level 5 of the Dungeon
  4408 | D:5      | Reached skill level 9 in Axes
  4907 | D:6      | Reached skill level 10 in Axes
  4960 | D:6      | Noticed Duvessa
  4960 | D:6      | Reached * piety under the Shining One
  4960 | D:6      | Noticed Dowan
  4968 | D:6      | Killed Duvessa
  4968 | D:6      | Reached XP level 8. HP: 57/62 MP: 8/8
  4989 | D:6      | HP: 18/62 [Dowan/wand of flame (8) (3)]
  4992 | D:6      | Killed Dowan
  5294 | D:6      | Reached skill level 11 in Axes
  5411 | D:6      | Reached skill level 6 in Armour
  5789 | D:7      | Reached skill level 12 in Axes
  5807 | D:7      | Reached XP level 9. HP: 58/68 MP: 9/9
  5813 | D:7      | Reached skill level 7 in Armour
  6103 | D:7      | Reached skill level 13 in Axes
  6171 | D:7      | Reached ** piety under the Shining One
  6319 | D:7      | Noticed Menkaure
  6328 | D:7      | Found Tuadgh's Assorted Antiques.
  6334 | D:7      | Reached skill level 8 in Armour
  6342 | D:7      | Killed Menkaure
  6678 | D:7      | Reached skill level 14 in Axes
  6979 | D:7      | Reached XP level 10. HP: 68/74 MP: 10/10
  7152 | D:7      | Reached skill level 9 in Armour
  7415 | D:8      | Found a viscous altar of Jiyva.
  7462 | D:8      | Reached *** piety under the Shining One
  7468 | D:8      | Reached skill level 15 in Axes
  7657 | D:8      | Found Kasheq's Assorted Antiques.
  7660 | D:8      | Bought a scroll labeled NAC URRIZO for 32 gold pieces
  7791 | D:8      | Found a glowing silver altar of Zin.
  8011 | D:8      | Reached skill level 10 in Armour
  8152 | D:9      | Found Kibbiom's General Store.
  8245 | D:9      | Noticed a two-headed ogre
  8275 | D:8      | Killed a two-headed ogre
  8425 | D:9      | Reached skill level 11 in Armour
  8453 | D:9      | Found Efuhur's Armour Emporium.
  8456 | D:9      | Found a staircase to the Orcish Mines.
  8477 | D:9      | You fall through a shaft!
  8477 | D:10     | Entered Level 10 of the Dungeon
  8491 | D:10     | Reached skill level 3 in Fighting
  8491 | D:10     | Reached skill level 1 in Invocations
  8491 | D:10     | Reached XP level 11. HP: 76/82 MP: 11/11
  8529 | D:10     | Found Ihacwefo's Book Emporium.
  8529 | D:10     | Reached **** piety under the Shining One
  8551 | D:10     | Reached skill level 2 in Invocations
  8595 | D:10     | Noticed an unseen horror
  8612 | D:10     | Killed an unseen horror
  8612 | D:10     | Reached skill level 4 in Fighting
  8612 | D:10     | Reached skill level 3 in Invocations
  8675 | D:10     | Found a flagged portal.
  8689 | Bailey   | Entered a bailey
  8805 | Bailey   | Noticed an orc knight
  8862 | Bailey   | HP: 25/84 [gnoll/+0 halberd of electrocution (17)]
  9128 | Bailey   | Killed an orc knight
  9190 | Bailey   | Identified a scroll of acquirement
  9227 | D:10     | Noticed Joseph
  9237 | D:10     | Killed Joseph
  9237 | D:10     | Reached skill level 4 in Invocations
  9392 | D:10     | Reached skill level 5 in Fighting
  9634 | D:10     | Reached skill level 5 in Invocations
 10051 | D:11     | Reached skill level 12 in Armour
 10075 | D:11     | Reached skill level 6 in Fighting
 10081 | D:11     | Reached skill level 6 in Invocations
 10122 | D:11     | Found a staircase to the Lair.
 10196 | D:11     | Found a sacrificial altar of Ru.
 10196 | D:11     | Noticed a two-headed ogre
 10205 | D:11     | Killed a two-headed ogre
 10276 | D:11     | Reached skill level 7 in Fighting
 10334 | D:11     | Noticed a two-headed ogre
 10347 | D:11     | Killed a two-headed ogre
 10347 | D:11     | Reached skill level 7 in Invocations
 10380 | D:11     | Reached XP level 12. HP: 100/100 MP: 17/17
 10645 | D:11     | Reached skill level 8 in Invocations
 10776 | D:11     | Reached skill level 8 in Fighting
 10947 | Lair:1   | Entered Level 1 of the Lair of Beasts
 11032 | Lair:1   | Noticed Sonja
 11043 | Lair:1   | Killed Sonja
 11043 | Lair:1   | Reached skill level 1 in Evocations
 11160 | Lair:1   | Reached ***** piety under the Shining One
 11461 | Lair:1   | Noticed Urug
 11484 | Lair:1   | Killed Urug
 11484 | Lair:1   | Reached skill level 2 in Evocations
 11538 | Lair:1   | Reached skill level 13 in Armour
 11865 | Lair:1   | Upgraded the game from 0.24-a0-91-g4e4936a to
                  | 0.24-a0-92-g7d8ec57
 12031 | Lair:2   | Reached skill level 3 in Evocations
 12094 | Lair:2   | Noticed a four-headed hydra
 12100 | Lair:2   | Killed a two-headed hydra
 12100 | Lair:2   | Reached skill level 9 in Fighting
 12346 | Lair:2   | Reached skill level 4 in Evocations
 13032 | Lair:3   | Noticed Prince Ribbit
 13051 | Lair:3   | Reached skill level 10 in Fighting
 13054 | Lair:3   | Reached skill level 5 in Evocations
 13169 | Lair:3   | Killed Prince Ribbit
 13197 | Lair:3   | Upgraded the game from 0.24-a0-92-g7d8ec57 to
                  | 0.24-a0-93-ge1bfdf8
 13197 | Lair:3   | Upgraded the game from 0.24-a0-93-ge1bfdf8 to
                  | 0.24-a0-108-g011bc4b
 13197 | Lair:3   | Upgraded the game from 0.24-a0-108-g011bc4b to
                  | 0.24-a0-115-gd155597
 13197 | Lair:3   | Upgraded the game from 0.24-a0-115-gd155597 to
                  | 0.24-a0-120-g429d40e
 13197 | Lair:3   | Upgraded the game from 0.24-a0-120-g429d40e to
                  | 0.24-a0-125-gdf02491
 13197 | Lair:3   | Upgraded the game from 0.24-a0-125-gdf02491 to
                  | 0.24-a0-127-gfc1eed5
 13210 | Lair:3   | Reached XP level 13. HP: 103/113 MP: 19/19
 13347 | Lair:3   | Reached skill level 14 in Armour
 13352 | Lair:3   | HP: 31/114 [blink frog (5)]
 13387 | Lair:3   | Reached skill level 6 in Evocations
 13975 | Lair:4   | HP: 28/115 [catoblepas (18)]
 14161 | Lair:4   | Reached skill level 11 in Fighting
 14400 | Lair:4   | Found a staircase to the Snake Pit.
 14687 | Lair:4   | Found a staircase to the Shoals.
 15058 | Lair:5   | You fall through a shaft!
 15058 | Lair:6   | Entered Level 6 of the Lair of Beasts
 15058 | Lair:6   | Found a gate leading to a gauntlet.
 15076 | Lair:5   | HP: 32/116 [water moccasin (4)]
 15082 | Lair:5   | HP: 23/116 [poisoned by a water moccasin]
 15087 | Lair:5   | HP: 21/116 [black mamba (4)]
 15093 | Lair:5   | HP: 23/116 [poisoned by a water moccasin]
 15095 | Lair:6   | HP: 9/116 [yak (3)]
 15113 | Lair:6   | HP: 29/116 [komodo dragon (13)]
 15124 | Lair:6   | HP: 32/116 [yak (5)]
 15125 | Gauntlet | Entered a Gauntlet
 15125 | Gauntlet | Found a transporter.
 15125 | Gauntlet | Found a transporter.
 15125 | Gauntlet | Found a transporter.
 15126 | Gauntlet | Found a transporter.
 15130 | Gauntlet | Found a transporter.
 15138 | Gauntlet | Found a transporter.
 15165 | Gauntlet | Found a transporter.
 15167 | Gauntlet | Found a transporter.
 15179 | Gauntlet | Noticed a green death
 15180 | Gauntlet | Found a transporter.
 15285 | Gauntlet | Found a transporter.
 15287 | Gauntlet | Found a transporter.
 15297 | Gauntlet | Found a transporter.
 15387 | Gauntlet | Got a scorched chain mail
 15398 | Gauntlet | Identified the +7 chain mail of the Cast Vote {-Cast +Inv
                  | rPois Stlth+} (You found it in a Gauntlet)
 15557 | Gauntlet | HP: 25/116 [molten gargoyle/bolt of magma (15)]
 15564 | Gauntlet | HP: 33/116 [gargoyle/stone arrow (11)]
 15715 | Gauntlet | Noticed a minotaur
 15733 | Gauntlet | Killed a minotaur
 15749 | Gauntlet | Identified the Almanac of Gliding Snow
 15860 | Lair:6   | Reached skill level 9 in Invocations
 15939 | Lair:6   | Reached skill level 12 in Fighting
 16013 | Lair:5   | Reached skill level 15 in Armour
 16031 | Lair:5   | Reached XP level 14. HP: 105/127 MP: 21/21
 16043 | Lair:5   | Found a staircase to the Slime Pits.
 16109 | Lair:5   | Reached skill level 10 in Invocations
 17153 | Lair:6   | Noticed Josephine
 17177 | Lair:6   | Killed Josephine
 17258 | Lair:6   | Found a transporter.
 17274 | Lair:6   | Found a transporter.
 17281 | Lair:6   | Noticed XanderDroid's ghost (journeyman MiBe)
 17837 | Lair:6   | Noticed a dire elephant
 17848 | Lair:6   | Killed a dire elephant
 18000 | Lair:6   | Reached skill level 13 in Fighting
 18125 | Lair:6   | Noticed a dire elephant
 18125 | Lair:6   | Noticed a dire elephant
 18169 | Lair:6   | Killed a dire elephant
 18169 | Lair:6   | Reached skill level 11 in Invocations
 18169 | Lair:6   | Killed a dire elephant
 18347 | Lair:6   | Noticed a dire elephant
 18367 | Lair:6   | Killed a dire elephant
 18630 | Orc:1    | Entered Level 1 of the Orcish Mines
 18992 | Orc:1    | Found a roughly hewn altar of Beogh.
 18994 | Orc:1    | Noticed a stone giant
 18998 | Orc:1    | Paralysed by an orc sorcerer for 3 turns
 19001 | Orc:1    | HP: 38/129 [orc warrior/+0 flail (5)]
 19003 | Orc:1    | HP: 11/129 [stone giant/large rock (31)]
 19003 | Orc:1    | HP: 2/129 [orc warrior/+0 glaive[an orc knight] (9)]
 19023 | Orc:1    | Killed a stone giant
 19474 | Orc:2    | Entered Level 2 of the Orcish Mines
 19518 | Orc:2    | Found Himur's Mass Market.
 20049 | Orc:2    | Reached skill level 12 in Invocations
 20337 | Orc:2    | Reached skill level 16 in Armour
 20444 | Orc:2    | Found Nuopne Joeda's Antique Weapon Boutique.
 20444 | Orc:2    | Found Kudopluu's Assorted Antiques.
 20446 | Orc:2    | Found Meimn's Gadget Emporium.
 20448 | Orc:2    | Found Zaruseus's Armour Shop.
 20698 | Orc:2    | Bought a +0 pair of gloves for 72 gold pieces
 20786 | Orc:2    | Noticed a stone giant
 20806 | Orc:2    | Killed a stone giant
 20806 | Orc:2    | Reached skill level 14 in Fighting
 20806 | Orc:2    | Reached skill level 16 in Axes
 20951 | Orc:2    | Found a staircase to the Elven Halls.
 21508 | D:9      | Bought a scroll of identify for 34 gold pieces
 21646 | D:12     | Noticed Psyche
 21651 | D:12     | Killed Psyche
 21662 | D:12     | Reached ****** piety under the Shining One
 21700 | D:12     | Reached XP level 15. HP: 133/138 MP: 24/24
 22592 | D:13     | Found Urub's Food Boutique.
 22791 | D:13     | Found a white marble altar of Elyvilon.
 22926 | D:13     | Got a heavily runed iron ring
 23238 | D:13     | Reached skill level 15 in Fighting
 23270 | D:13     | Reached skill level 17 in Axes
 23295 | D:13     | Identified the ring of Ticzurph {rC+ Str+3 Slay+3} (You
                  | found it on level 13 of the Dungeon)
 23298 | D:13     | Upgraded the game from 0.24-a0-127-gfc1eed5 to
                  | 0.24-a0-130-ga3c21ff
 23346 | D:14     | HP: 33/141 [??? (15)]
 23514 | D:14     | Found a frozen archway.
 23515 | D:14     | Noticed Snorg
 23527 | D:14     | Killed Snorg
 23591 | IceCv    | Entered an ice cave
 24206 | IceCv    | Noticed a frost giant
 24225 | IceCv    | Killed a frost giant
 24231 | IceCv    | Reached skill level 16 in Fighting
 24236 | IceCv    | Reached skill level 18 in Axes
 24650 | D:14     | Found a gate to the Vaults.
 25178 | D:15     | Entered Level 15 of the Dungeon
 25197 | D:15     | Reached skill level 19 in Axes
 25197 | D:15     | Reached XP level 16. HP: 130/151 MP: 25/25
 25742 | D:15     | Reached skill level 7 in Evocations
 25790 | D:15     | Found a staircase to the Depths.
 25860 | D:15     | Reached skill level 1 in Throwing
 25988 | D:15     | Found a basalt altar of Yredelemnul.
 26498 | Orc:2    | Bought the +3 crystal plate armour of the Shore {rElec
                  | rPois rF+ Int-4} for 1731 gold pieces
 26893 | Lair:6   | Got a transparent turquoise ring
 26894 | Lair:6   | Identified the ring of Limitation {Wiz rF+ rC- Dex+6} (You
                  | found it on level 6 of the Lair of Beasts)
 26968 | Snake:1  | Entered Level 1 of the Snake Pit
 27049 | Snake:1  | Reached skill level 2 in Throwing
 27259 | Snake:1  | Reached skill level 3 in Throwing
 27281 | Snake:1  | Noticed Aizul
 27301 | Snake:1  | Killed Aizul
 27458 | Snake:1  | Reached skill level 8 in Evocations
 27506 | Snake:1  | Found Beps's Food Shoppe.
 27530 | Snake:1  | Reached skill level 4 in Throwing
 27857 | Snake:1  | Reached skill level 5 in Throwing
 28186 | Snake:2  | Reached skill level 6 in Throwing
 28233 | Snake:2  | Noticed Azrael
 28258 | Snake:2  | Killed Azrael
 28531 | Snake:2  | Found an iron altar of Okawaru.
 28662 | Snake:2  | Reached skill level 7 in Throwing
 28833 | Snake:3  | Identified Qysyrona's Tome of Darkness and Summoning
 28859 | Snake:3  | Reached XP level 17. HP: 128/158 MP: 26/26
 28874 | Snake:3  | Noticed Kirke
 28894 | Snake:3  | Killed Kirke
 29207 | Snake:3  | Reached skill level 8 in Throwing
 29207 | Snake:3  | Reached skill level 17 in Armour
 29235 | Snake:3  | HP: 47/158 [nagaraja/+0 whip (6)]
 29241 | Snake:3  | HP: 28/158 [poisoned by a naga mage (splash of poison)]
 29247 | Snake:3  | HP: 29/158 [poisoned by a naga mage (splash of poison)]
 29252 | Snake:3  | HP: 30/158 [poisoned by a naga mage (splash of poison)]
 29259 | Snake:3  | HP: 34/158 [poisoned by a naga mage (splash of poison)]
 29267 | Snake:3  | HP: 38/158 [poisoned by a naga mage (splash of poison)]
 29983 | Snake:4  | Entered Level 4 of the Snake Pit
 30091 | Snake:4  | Reached skill level 9 in Throwing
 30702 | Snake:4  | Found a runed translucent gate.
 30702 | Snake:4  | Found a runed translucent gate.
 30702 | Snake:4  | Found a runed translucent gate.
 30787 | Snake:4  | Reached skill level 18 in Armour
 30879 | Snake:4  | Reached skill level 10 in Throwing
 31020 | Snake:4  | Found a shimmering altar of Xom.
 31300 | Snake:4  | HP: 43/158 [black mamba (10)]
 31305 | Snake:4  | HP: 30/158 [poisoned by a black mamba]
 31311 | Snake:4  | HP: 28/159 [poisoned by a black mamba]
 31316 | Snake:4  | HP: 26/159 [poisoned by a black mamba]
 31321 | Snake:4  | HP: 26/159 [poisoned by a black mamba]
 31327 | Snake:4  | HP: 26/159 [poisoned by a black mamba]
 31333 | Snake:4  | HP: 28/159 [poisoned by a black mamba]
 31339 | Snake:4  | HP: 30/159 [poisoned by a black mamba]
 31347 | Snake:4  | HP: 34/159 [poisoned by a black mamba]
 31586 | Snake:4  | Reached XP level 18. HP: 162/168 MP: 27/27
 32258 | Snake:4  | Reached skill level 17 in Fighting
 32564 | Snake:4  | Reached skill level 19 in Armour
 33203 | Snake:4  | Got a serpentine rune of Zot
 33607 | Shoals:1 | Entered Level 1 of the Shoals
 33700 | Shoals:1 | Found Vyac's Food Shoppe.
 33775 | Shoals:1 | Reached skill level 18 in Fighting
 34741 | Shoals:2 | Found a blossoming altar of Fedhas.
 35066 | Shoals:2 | Reached XP level 19. HP: 130/180 MP: 28/28
 35720 | Shoals:3 | Reached skill level 20 in Armour
 36106 | Shoals:3 | Noticed Ilsuiw
 36123 | Shoals:3 | Killed Ilsuiw
 36503 | Lair:1   | Upgraded the game from 0.24-a0-130-ga3c21ff to
                  | 0.24-a0-132-ge4b1dce
 36637 | Shoals:4 | Entered Level 4 of the Shoals
 36670 | Shoals:4 | Reached skill level 19 in Fighting
 36838 | Shoals:4 | Reached skill level 9 in Evocations
 37649 | Shoals:4 | Got a barnacled rune of Zot
 38406 | Vaults:1 | Entered Level 1 of the Vaults
 38419 | Vaults:1 | Reached skill level 10 in Evocations
 39052 | Vaults:1 | Reached skill level 20 in Fighting
 39233 | Vaults:1 | Reached skill level 11 in Evocations
 39272 | Vaults:1 | Reached XP level 20. HP: 155/193 MP: 29/29
 39374 | Vaults:1 | Found a shattered altar of Ashenzari.
 39726 | Vaults:1 | Reached skill level 12 in Evocations
 40235 | Vaults:2 | Found Qyatoent's Distillery.
 40349 | Vaults:2 | HP: 27/193 [stone giant/large rock (40)]
 40598 | Vaults:1 | Reached skill level 13 in Invocations
 40864 | Vaults:2 | Noticed Nikola
 40864 | Vaults:2 | Paralysed by a wizard for 2 turns
 40875 | Vaults:1 | Killed Nikola
 41529 | Vaults:2 | Found a staircase to the Crypt.
 41529 | Vaults:2 | Found an ancient bone altar of Kikubaaqudgha.
 41530 | Vaults:2 | Found a basalt altar of Yredelemnul.
 41678 | Vaults:2 | Reached skill level 21 in Armour
 41685 | Vaults:2 | Reached skill level 14 in Invocations
 41888 | Vaults:2 | Paralysed by a hornet for 1 turns
 42362 | Vaults:3 | Found Omalefic's Antique Weapon Emporium.
 42666 | Vaults:3 | Paralysed by an ogre mage for 2 turns
 42779 | Vaults:3 | Reached XP level 21. HP: 191/202 MP: 31/31
 43141 | Vaults:3 | Found Veaces's Assorted Antiques.
 43621 | Vaults:4 | Found Ixti's Book Shoppe.
 43809 | Vaults:4 | Reached skill level 21 in Fighting
 44020 | Vaults:4 | Found Coiciyg's Distillery.
 44028 | Vaults:4 | Bought a potion of curing for 66 gold pieces
 44028 | Vaults:4 | Bought a potion of curing for 66 gold pieces
 44028 | Vaults:4 | Bought a potion of curing for 66 gold pieces
 44044 | Vaults:4 | Found Zoampum's Book Boutique.
 44054 | Vaults:4 | Found a portal to a secret trove of treasure.
 44069 | Vaults:4 | Found Sise Ofenuq's Food Emporium.
 44149 | Vaults:4 | Reached skill level 22 in Armour
 44291 | Vaults:4 | Reached skill level 1 in Dodging
 44976 | Crypt:1  | Entered Level 1 of the Crypt
 45068 | Crypt:1  | Reached skill level 2 in Dodging
 45439 | Crypt:1  | Reached skill level 3 in Dodging
 45532 | Crypt:1  | Noticed Boris
 45546 | Crypt:1  | Killed Boris
 45704 | Crypt:2  | Reached skill level 4 in Dodging
 45844 | Crypt:2  | Noticed Boris
 45852 | Crypt:2  | Killed Boris
 45852 | Crypt:2  | Reached skill level 22 in Fighting
 45852 | Crypt:2  | Reached skill level 5 in Dodging
 46068 | Crypt:2  | Reached XP level 22. HP: 214/215 MP: 32/32
 46090 | Crypt:2  | Reached skill level 6 in Dodging
 46561 | Crypt:3  | Entered Level 3 of the Crypt
 46726 | Crypt:3  | Reached skill level 7 in Dodging
 46976 | Crypt:3  | Reached skill level 11 in Throwing
 47382 | Crypt:3  | Noticed a curse toe
 47397 | Crypt:3  | Killed a curse toe
 47397 | Crypt:3  | Reached skill level 8 in Dodging
 47711 | Crypt:3  | Found a staircase to the Tomb.
 47879 | Crypt:3  | Got a shimmering steel ring
 47880 | Crypt:3  | Identified the ring of the Devil {rCorr Dex+4 Stlth+} (You
                  | found it on level 3 of the Crypt)
 48074 | Crypt:3  | Got a shimmering wooden ring
 48074 | Crypt:3  | Got a faintly glowing bone ring
 48087 | Crypt:3  | Identified the ring of Manoz {rN+ Str+3} (You found it on
                  | level 3 of the Crypt)
 48088 | Crypt:3  | Identified the ring of Weif {rC+ rN+} (You found it on
                  | level 3 of the Crypt)
 48211 | Crypt:3  | Identified the Tome of Necromancy
 48269 | Crypt:3  | Noticed an ancient lich
 48285 | Crypt:3  | Killed an ancient lich
 48285 | Crypt:3  | Reached skill level 12 in Throwing
 48285 | Crypt:3  | Reached skill level 9 in Dodging
 48287 | Crypt:3  | Found the +11 plutonium sword {*Contam Stlth-}
 48290 | Crypt:3  | Learned a level 1 spell: Apportation
 48292 | Crypt:3  | Learned a level 1 spell: Summon Butterflies
 48295 | Crypt:3  | Learned a level 2 spell: Blink
 48299 | Crypt:3  | Learned a level 3 spell: Spectral Weapon
 48304 | Crypt:3  | Learned a level 4 spell: Summon Lightning Spire
 48373 | Crypt:3  | --at last an exec axe - even if it is +0 venom!
 48863 | Elf:1    | Entered Level 1 of the Elven Halls
 48974 | Elf:1    | Cast into level 2 of the Abyss (a deep elf sorcerer)
 48981 | Abyss:2  | Found a corrupted altar of Lugonu.
 49034 | Abyss:2  | Reached skill level 1 in Spellcasting
 49034 | Abyss:2  | Reached skill level 1 in Translocations
 49042 | Abyss:2  | Found a viscous altar of Jiyva.
 49364 | Abyss:3  | Reached skill level 2 in Translocations
 49433 | Abyss:3  | Reached skill level 2 in Spellcasting
 49450 | Abyss:3  | Found a corrupted altar of Lugonu.
 49450 | Abyss:3  | Gained mutation: You are weak. (Str -2) [a neqoxec]
 49559 | Abyss:3  | Reached XP level 23. HP: 201/223 MP: 33/33
 49579 | Elf:1    | Escaped the Abyss
 49600 | Elf:1    | Identified the Collected Works on Malediction
 49751 | Elf:1    | Reached skill level 3 in Translocations
 49779 | Elf:1    | Reached skill level 3 in Spellcasting
 49807 | Elf:1    | Found a runed translucent gate.
 49807 | Elf:1    | Found a runed translucent gate.
 49807 | Elf:1    | Found a runed translucent gate.
 49807 | Elf:1    | Found a runed translucent gate.
 49807 | Elf:1    | Found a runed translucent gate.
 49810 | Elf:1    | Found a runed translucent gate.
 50126 | Elf:1    | Found Ysabyl's Jewellery Boutique.
 50229 | Elf:1    | Reached skill level 10 in Dodging
 50464 | Elf:2    | Reached skill level 4 in Translocations
 50507 | Elf:2    | Found a transporter.
 50510 | Elf:2    | Noticed Scuka's ghost (adept SpEn)
 50570 | Elf:2    | Found a transporter.
 50742 | Elf:2    | Found a runed translucent gate.
 50742 | Elf:2    | Found a runed translucent gate.
 50743 | Elf:2    | Found a runed translucent gate.
 50874 | Elf:2    | Reached skill level 4 in Spellcasting
 51085 | Elf:2    | Reached skill level 5 in Translocations
 51257 | Elf:2    | Killed Scuka's ghost
 51283 | Elf:2    | Got a coiled brass amulet
 51285 | Elf:2    | Got an ancient crystal amulet
 51297 | Elf:2    | Identified the amulet "Isaoshyo" {RegenMP -Tele rElec rF+++
                  | Dex+2} (You found it on level 2 of the Elven Halls)
 51298 | Elf:2    | Identified the amulet of Loanoaditt {Spirit rPois rF+++
                  | Slay-5 Stlth-} (You found it on level 2 of the Elven Halls)
 51550 | Lair:1   | Upgraded the game from 0.24-a0-132-ge4b1dce to
                  | 0.24-a0-136-gad582e5
 51780 | Elf:3    | Entered Level 3 of the Elven Halls
 51879 | Elf:3    | Reached skill level 5 in Spellcasting
 52154 | Elf:3    | Noticed Saint Roka
 52191 | Elf:3    | Killed Saint Roka
 52571 | Elf:3    | Found Kaitseno's Weapon Emporium.
 52630 | Elf:3    | Cast into level 2 of the Abyss (a deep elf demonologist)
 52768 | Abyss:3  | Reached skill level 6 in Translocations
 52808 | Abyss:3  | Gained mutation: You are very weak. (Str -4) [a neqoxec]
 52853 | Abyss:3  | Reached skill level 11 in Dodging
 52859 | Elf:3    | Escaped the Abyss
 52889 | Elf:3    | Cast into level 2 of the Abyss (a deep elf sorcerer)
 52974 | Abyss:2  | Found a corrupted altar of Lugonu.
 53024 | Abyss:2  | Reached skill level 6 in Spellcasting
 53305 | Abyss:2  | Gained mutation: You are dopey. (Int -2) [a neqoxec]
 53389 | Abyss:2  | Reached XP level 24. HP: 223/231 MP: 33/33
 53443 | Elf:3    | Escaped the Abyss
 53459 | Elf:3    | Reached skill level 7 in Translocations
 53741 | Elf:3    | Identified the +9 mace of Distraction {elec, *Drain rN+
                  | Str+2}
 53755 | Elf:3    | Identified the +7 great mace "Abluk" {crush, rElec rF- rC+}
 53755 | Elf:3    | Identified the ring "Bekluawe" {rCorr Dex+7 Stlth-}
 53934 | Elf:3    | Identified the +11 broad axe of Cakie {chaos, *Rage rF+
                  | MR++ Dex+4}
 54008 | Elf:3    | Reached skill level 7 in Spellcasting
 54053 | Elf:3    | Identified the Papyrus of Displaced Calling
 54058 | Elf:3    | Identified Sif Muna's Compendium of Attacks and
                  | Displacement
 54471 | Depths:1 | Entered Level 1 of the Depths
 54591 | Depths:1 | Found a one-way gate to the infinite horrors of the Abyss.
 54757 | Depths:1 | Reached skill level 8 in Translocations
 54897 | Depths:1 | Reached skill level 12 in Dodging
 54945 | Depths:1 | Found a gateway to Hell.
 55436 | Depths:2 | Found a magical portal.
 55513 | WizLab   | Entered Doroklohe's Tomb
 55781 | WizLab   | Reached skill level 8 in Spellcasting
 56103 | Depths:2 | Reached skill level 9 in Translocations
 56179 | Depths:2 | Found a gateway to a ziggurat.
 56649 | Depths:2 | Found the +8 trident of the Octopus King {venom, rElec
                  | rPois MR+}
 56739 | Depths:2 | Found a one-way gate leading to the halls of Pandemonium.
 56829 | Depths:2 | Noticed a caustic shrike
 56844 | Depths:2 | Killed a caustic shrike
 56844 | Depths:2 | Reached skill level 9 in Spellcasting
 57056 | Depths:3 | Reached skill level 10 in Translocations
 57067 | Depths:3 | Paralysed by a great orb of eyes for 2 turns
 57223 | Depths:3 | Reached XP level 25. HP: 238/238 MP: 36/36
 57322 | Depths:3 | Noticed Boris
 57772 | Depths:3 | Killed Boris
 57945 | Depths:3 | Reached skill level 10 in Spellcasting
 58099 | Depths:3 | Reached skill level 11 in Translocations
 58140 | Depths:3 | Reached skill level 1 in Hexes
 58152 | Depths:3 | Reached skill level 1 in Charms
 58880 | Depths:4 | Reached skill level 2 in Hexes
 58894 | Depths:4 | Reached skill level 2 in Charms
 58997 | Depths:4 | Reached skill level 3 in Hexes
 59044 | Depths:4 | Reached skill level 3 in Charms
 59445 | Depths:4 | Reached skill level 4 in Hexes
 59628 | Depths:4 | Noticed Boris
 59647 | Depths:4 | Killed Boris
 59962 | Depths:4 | Reached skill level 4 in Charms
 60184 | Depths:4 | Noticed an ancient lich
 60202 | Depths:4 | HP: 59/238 [ancient lich/crystal spear (81)]
 60204 | Depths:4 | Killed from afar by an ancient lich

Levels and vault maps discovered:
D:1:      mrwooster_arrival_arrow, layout_basic
D:2:      layout_rooms, lemuel_tele_altar
D:3:      layout_loops_ring, first_ration, st_stairs_8, grunt_ministairs_11,
          uniq_natasha
D:4:      layout_basic, minmay_temple_entry_tees, st_stairs_3
D:5:      layout_basic, chequers_serial_rivers_micro_b, minmay_holes
D:6:      layout_loops_ring, minmay_lizard_king, uniq_duvessa
D:7:      layout_cave_pods, serial_gnoll_camp, gnoll_camp_medium_02,
          gnoll_camp_mini_loothouse, gnoll_camp_mini_sergeant,
          gnoll_camp_mini_basic, gnoll_camp_mini_doghouse, gnoll_camp_mini_shop,
          uniq_menkaure
D:8:      layout_cave_pools, zin_academy, serial_shops,
          nicolae_shop_behind_doors, hangedman_little_slice_of_home
D:9:      layout_cave_pools, orc_david_3, serial_shops, kennysheep_mini_moat
D:10:     layout_loops_ring, enter_bailey_8, serial_shops,
          nicolae_shop_waterfront, uniq_joseph
D:11:     layout_irregular_city, grunt_lair_entry_orc_guard_hut,
          nicolae_ru_awakened_eye
D:12:     layout_roguey, uniq_psyche
D:13:     layout_stronghold, serial_shops, shop_statue, elyvilon_altar_4
D:14:     layout_long_grid, skrybe_vaults_entry_preservation,
          portal_ice_cave_entry_imps, nicolae_lava_and_water,
          grunt_ministairs_8, uniq_snorg
D:15:     hangedman_depths_entry_civil_slaughter, layout_layer_cave,
          yredelemnul_altar_generic, minivault_26
Temple:   nicolae_temple_the_god_donut
Lair:1:   layout_cave_pods, uniq_urug, uniq_sonja
Lair:2:   layout_regular_city, serial_forest, infiniplex_forest_3_way,
          infiniplex_forest_zigzag_1, infiniplex_forest_lined_3_way,
          infiniplex_forest_lined_corner, infiniplex_forest_clump_curved,
          infiniplex_forest_end_double, minmay_lair_oklob_chamber,
          infiniplex_staircase_pool
Lair:3:   layout_regular_city, uniq_prince_ribbit2
Lair:4:   layout_cave_pods, elwin_shoals_entry_stream,
          guppyfry_snake_entry_island, grunt_forest_small_clearings,
          chequers_serial_rivers_room_b, minivault_24
Lair:5:   layout_regular_city, minmay_slime_entry_jelly_boxes,
          serial_bayou_lake_a, serial_bayou_shore_b, grunt_megastairs_5,
          lemuel_fruit_fields
Lair:6:   due_jungle_book, layout_misc_corridors,
          gammafunk_ghost_berserking_beasts, gauntlet_entry_generic,
          uniq_josephine
Shoals:1: layout_shoals, serial_shops, shop, st_sunken_huts
Shoals:2: layout_shoals, lemuel_centaur_altar
Shoals:3: layout_shoals, uniq_ilsuiw
Shoals:4: shoals_end_grunt_ice, layout_shoals
Snake:1:  layout_basic, serial_shops, shop, uniq_aizul
Snake:2:  layout_onion_interference, basic_altar,
          nrook_guardian_serpent_ordinary, uniq_azrael
Snake:3:  layout_layer_cave, statue_in_the_mist_lemuel, uniq_kirke
Snake:4:  snake_pit_salamanders_mu, layout_basic, basic_altar,
          nicolae_snake_horde_hoard, serial_bayou_shore_b
Orc:1:    nicolae_orc_accident_2, layout_diamond_mine, guppyfry_library_mini
Orc:2:    st_orc_rangers, layout_diamond_mine, minmay_shop_mass
Elf:1:    elf_arrival_001, layout_gridlike, serial_shops, nicolae_shop_trees,
          orc_legates
Elf:2:    layout_geoelf_diagonals, gammafunk_ghost_berserking_beasts,
          st_stairs_10
Elf:3:    elf_hall_gauntlet_wide, layout_geoelf_diagonals, serial_shops, shop,
          corexii_checkpoint_a, corexii_checkpoint_a, uniq_saint_roka
Vaults:1: vaults_room_door_hall, hangedman_vaults_restitches,
          ontoclasm_vaults_tryst, vaults_room_grunt_arrival_ludios,
          v_alt_pattern_1, vaults_standard_mumra_x, nicolae_vaults_shelves_hall,
          nicolae_vaults_network_s, layout_vaults_omnigrid, basic_altar
Vaults:2: ontoclasm_vaults_claustrophobia, ontoclasm_vaults_pinch,
          v_alt_pattern_2, nicolae_vaults_network_star,
          nicolae_vaults_hallways_thing, minmay_crypt_entry_necro_gods,
          v_pattern_5, v_misc_30, nicolae_vaults_diagonal_hallway_8,
          hangedman_vaults_maws, dpeg_vaults_monster_box,
          layout_vaults_omnicross, serial_shops, shop, uniq_nikola
Vaults:3: vaults_room_hallway, hangedman_vaults_hat, kb_rosetta,
          ontoclasm_vaults_spin, v_alt_pattern_2, grunt_vaults_bifocal,
          v_rooms_6, vaults_room_grid, v_rooms_4, vaults_room_fours,
          nicolae_vaults_asterisk, ontoclasm_vaults_bender, v_misc_8,
          layout_vaults_maze, serial_shops, shop, shop
Vaults:4: v_rooms_4, vaults_standard_mumra_enter_the_diamond,
          vaults_dpeg_diagonal, grunt_vaults_funnel, vaults_room_door_hall,
          nicolae_vaults_mini_display_case, vaults_mumra_lcd,
          ontoclasm_vaults_decontamination, layout_vaults_big_room,
          enter_trove_2, serial_shops, shop, shop, shop, shop
Crypt:1:  layout_chaotic_city, uniq_boris
Crypt:2:  layout_misc_corridors, grunt_megastairs_3
Crypt:3:  due_elkab, layout_chaotic_city, tomb_entry_forgotten_bobbens,
          minmay_strange_pillars
Depths:1: layout_gridlike, minmay_room_of_horrors, pf_hell_entry_tar_spiral,
          kennysheep_cluttered_room, lightli_fourway_metalbox
Depths:2: minmay_tri_box, layout_cave_pools, enter_ziggurat_a,
          infiniplex_enter_wizlab_water, pan_entry, hell_entry, drop_trap
Depths:3: hangedman_six_sided_sadism, layout_gridlike, rand_demon_pan_entry_1,
          nicolae_benzene_ring, abyss_entry_small_statue_room, hell_entry
Depths:4: constructs_gauntlet_mu_hangedman, layout_gridlike, abyss_entry,
          grunt_hell_entry_dis_grunt
Abyss:2
Abyss:3:  grunt_abyss_rune_forest_and_sorcery,
          guppyfry_abyss_exit_spiral_guarded, minivault_4, patterned_corridor
Bailey:   bailey_axe_2, bailey
IceCv:    ice_cave_caverns_01
WizLab:   wizlab_doroklohe
Gauntlet: gammafunk_gauntlet_hard_choice [nicolae_gauntlet_arena_flowing_pool,
          nicolae_gauntlet_arena_x, gammafunk_gauntlet_arena_split_x,
          nicolae_gauntlet_arena_blocks, gammafunk_gauntlet_arena_hedges,
          gammafunk_gauntlet_arena_corners, gauntlet_exit_spiral]

Skill      XL: |  1  2  3  4  5  6  7  8  9 10 11 12 13 14 15 16 17 18 19 20 21 22 23 24 25 |
---------------+----------------------------------------------------------------------------+-----
Fighting       | 2 3 7 10 12 14 16 18 20 22 | 22.0
Armour         | 5 6 8 11 12 13 15 16 18 19 20 21 22 | 22.0
Axes           | 3 4 6 8 10 12 14 15 16 19 | 19.8
Invocations    | 1 7 8 9 12 14 | 14.0
Evocations     | 5 6 8 11 12 | 12.0
Throwing       | 7 10 12 | 12.0
Dodging        | 5 9 11 12 | 12.0
Spellcasting   | 2 6 9 10 | 10.8
Translocations | 2 6 10 11 | 11.0
Hexes          | 4 |  4.8
Charms         | 4 |  4.4
Maces & Flails | |  3.2
Shields        | |  2.1

Action                   |  1- 3 |  4- 6 |  7- 9 | 10-12 | 13-15 | 16-18 | 19-21 | 22-24 | 25-27 || total
-------------------------+-------+-------+-------+-------+-------+-------+-------+-------+-------++-------
Melee: Club              |    53 |       |       |       |       |       |       |       |       ||    53
       Mace              |    24 |       |       |       |       |       |       |       |       ||    24
       War axe           |    36 |   138 |   406 |   378 |       |       |       |       |       ||   958
       Hand axe          |     4 |       |       |       |       |       |       |       |       ||     4
       Battleaxe         |       |       |       |   348 |  1140 |  1150 |  1451 |  1746 |   418 ||  6253
       Unarmed           |       |       |       |       |       |     8 |       |       |       ||     8
 Fire: Hunting sling     |    23 |     8 |     8 |     6 |       |       |       |       |       ||    45
       Blowgun           |       |       |       |       |     1 |       |       |       |       ||     1
Throw: Tomahawk          |       |       |       |    20 |     8 |       |       |       |       ||    28
       Javelin           |       |       |       |     4 |       |       |    11 |    11 |       ||    26
Invok: Divine Shield     |       |       |       |       |     2 |       |     1 |       |       ||     3
       Summon Divine War |       |       |       |       |     3 |     5 |     1 |     8 |       ||    17
       Cleansing Flame   |       |       |       |       |       |       |       |       |     2 ||     2
 Abil: Evoke Flight      |       |       |       |       |     4 |     3 |    10 |     1 |     2 ||    20
Evoke: Wand              |       |       |       |    10 |     3 |     4 |       |       |     1 ||    18
  Use: Scroll            |    12 |     3 |     4 |     8 |    10 |     3 |     3 |    11 |     1 ||    55
       Potion            |       |     1 |     1 |       |     7 |       |     2 |       |       ||    11
  Eat: Chunk             |     2 |     8 |    10 |    22 |    38 |    20 |    36 |    30 |    10 ||   176
       Ration            |       |       |       |       |     1 |     4 |     1 |     3 |       ||     9
Armor: Scale mail        |    37 |       |       |       |       |       |       |       |       ||    37
       Ring mail         |    11 |       |       |       |       |       |       |       |       ||    11
       Chain mail        |    15 |    78 |   203 |    40 |   650 |    42 |       |       |       ||  1028
       Plate armour      |       |       |       |   351 |   126 |       |       |       |       ||   477
       Crystal plate arm |       |       |       |       |       |  1049 |  1185 |  1267 |   299 ||  3800
Dodge: Dodged            |    37 |    18 |    56 |   131 |   409 |   301 |   333 |   585 |   119 ||  1989
Block: Shield            |    45 |    61 |   160 |   139 |       |       |       |       |       ||   405
       Other             |       |       |       |       |    10 |       |     2 |       |       ||    12

Table legend:
 A = Non-vault XP
 B = Vault XP
 C = Vault XP percentage of total XP
 D = Non-vault monster count
 E = Vault monster count
 F = Vault count percentage of total count
                 A         B        C        D         E       F
            +---------+---------+-------+---------+---------+-------
      Total |  585825 |  479607 |  45.0 |    1396 |     857 |  38.0
            +---------+---------+-------+---------+---------+-------
        D:1 |      30 |       0 |   0.0 |      17 |       0 |   0.0
        D:2 |      18 |       0 |   0.0 |      10 |       0 |   0.0
        D:3 |     197 |      44 |  18.3 |      22 |       4 |  15.4
        D:4 |     435 |       3 |   0.7 |      14 |       1 |   6.7
        D:5 |     285 |       0 |   0.0 |      14 |       0 |   0.0
        D:6 |     761 |     278 |  26.8 |      23 |       8 |  25.8
        D:7 |    1849 |    1104 |  37.4 |      28 |      34 |  54.8
        D:8 |    2603 |     163 |   5.9 |      36 |       8 |  18.2
        D:9 |    1297 |     151 |  10.4 |      37 |       8 |  17.8
       D:10 |    3279 |     450 |  12.1 |      39 |       1 |   2.5
       D:11 |    6375 |     512 |   7.4 |      45 |       5 |  10.0
       D:12 |    8486 |     439 |   4.9 |      56 |       1 |   1.8
       D:13 |    5933 |       0 |   0.0 |      23 |       0 |   0.0
       D:14 |    9378 |    6386 |  40.5 |      27 |      24 |  47.1
       D:15 |    8578 |    4861 |  36.2 |      18 |       6 |  25.0
     Lair:1 |    1405 |    1610 |  53.4 |       8 |       2 |  20.0
     Lair:2 |    5754 |    1130 |  16.4 |      24 |       2 |   7.7
     Lair:3 |    6665 |    1316 |  16.5 |      29 |       5 |  14.7
     Lair:4 |    1760 |    2029 |  53.5 |       9 |       6 |  40.0
     Lair:5 |    4763 |     854 |  15.2 |      21 |      16 |  43.2
     Lair:6 |   12426 |    4894 |  28.3 |      35 |      10 |  22.2
   Shoals:1 |    5806 |    6445 |  52.6 |      16 |       9 |  36.0
   Shoals:2 |   12212 |     459 |   3.6 |      26 |       4 |  13.3
   Shoals:3 |   14042 |    3920 |  21.8 |      23 |       5 |  17.9
   Shoals:4 |   13343 |   14185 |  51.5 |      25 |      25 |  50.0
    Snake:1 |   15290 |    1094 |   6.7 |      29 |       1 |   3.3
    Snake:2 |   16072 |    3078 |  16.1 |      35 |       8 |  18.6
    Snake:3 |   26301 |    1582 |   5.7 |      50 |       3 |   5.7
    Snake:4 |   24741 |   62324 |  71.6 |      53 |      99 |  65.1
      Orc:1 |    5235 |    1212 |  18.8 |      49 |      13 |  21.0
      Orc:2 |    2765 |    5981 |  68.4 |      15 |      39 |  72.2
      Elf:1 |   15925 |   14976 |  48.5 |      25 |      26 |  51.0
      Elf:2 |    6238 |   30774 |  83.1 |      10 |      45 |  81.8
      Elf:3 |   14182 |   43598 |  75.5 |      24 |      44 |  64.7
   Vaults:1 |   41096 |   21691 |  34.5 |      66 |      31 |  32.0
   Vaults:2 |   33737 |   15113 |  30.9 |      52 |      19 |  26.8
   Vaults:3 |    9168 |   25106 |  73.3 |      16 |      43 |  72.9
   Vaults:4 |   16889 |   14804 |  46.7 |      24 |      17 |  41.5
    Crypt:1 |   19278 |    5259 |  21.4 |      30 |       1 |   3.2
    Crypt:2 |   35814 |    7398 |  17.1 |      44 |      12 |  21.4
    Crypt:3 |   19945 |   53593 |  72.9 |      30 |      58 |  65.9
   Depths:1 |   20323 |    8702 |  30.0 |      21 |      19 |  47.5
   Depths:2 |   28060 |   18680 |  40.0 |      34 |       8 |  19.0
   Depths:3 |   19183 |   46964 |  71.0 |      20 |      51 |  71.8
   Depths:4 |   33011 |   13104 |  28.4 |      31 |      19 |  38.0
    Abyss:2 |   27857 |       0 |   0.0 |      63 |       0 |   0.0
    Abyss:3 |   27035 |    3098 |  10.3 |      50 |       4 |   7.4
     Bailey |       0 |     886 | 100.0 |       0 |      34 | 100.0
      IceCv |       0 |   13697 | 100.0 |       0 |      52 | 100.0
     WizLab |       0 |   11109 | 100.0 |       0 |      18 | 100.0
   Gauntlet |       0 |    4551 | 100.0 |       0 |       9 | 100.0
            +---------+---------+-------+---------+---------+-------

Table legend:
 A = Turns spent in this place as a percentage of turns spent in the entire game.
 B = Non-inter-level travel turns spent in this place as a percentage of non-inter-level travel turns spent in the entire game.
 C = Inter-level travel turns spent in this place as a percentage of turns spent in this place.
 D = Turns resting spent in this place as a percentage of non-inter-level travel turns spent in this place.
 E = Turns spent auto-exploring this place as a percentage of non-inter-level travel turns spent in this place.
 F = Non-inter-level travel turns spent in this place divided by the number of levels of this place that you've seen.
                   A       B       C       D       E      F
               +-------+-------+-------+-------+-------+----------------------
         Total | 100.0 | 100.0 |   9.9 |  15.3 |  42.4 | 986.6
       Dungeon |  25.9 |  25.5 |  11.2 |  16.2 |  50.0 | 921.9
        Temple |   0.4 |   0.4 |  10.9 |   0.0 |  98.7 | 236.0
          Lair |  12.9 |  11.9 |  16.5 |  12.1 |  52.9 | 1077.5
        Shoals |   7.3 |   7.6 |   6.4 |  16.2 |  38.4 | 1033.8
     Snake Pit |  10.7 |  11.5 |   3.6 |  29.6 |  29.4 | 1553.5
  Orcish Mines |   5.2 |   4.4 |  23.9 |  18.1 |  31.6 | 1188.0
   Elven Halls |   6.0 |   6.1 |   8.4 |   9.3 |  39.6 | 1095.3
        Vaults |  10.7 |  10.8 |   9.1 |  13.8 |  45.6 | 1461.2
         Crypt |   5.8 |   5.8 |   9.7 |   5.7 |  38.3 | 1051.3
        Depths |   8.7 |   8.9 |   7.8 |  12.5 |  49.8 | 1204.0
         Abyss |   2.3 |   2.6 |   0.0 |   1.2 |  33.6 | 277.6
        Bailey |   0.9 |   0.9 |   0.0 |  13.5 |   2.9 | 513.0
      Ice Cave |   1.3 |   1.4 |   0.0 |  13.6 |  19.2 | 780.0
        Wizlab |   0.8 |   0.9 |   0.0 |   0.0 |  12.0 | 498.0
      Gauntlet |   1.2 |   1.3 |   0.0 |  35.7 |   0.0 | 729.0
               +-------+-------+-------+-------+-------+----------------------

Levels and vault maps discovered:
D:1:      mrwooster_arrival_arrow, layout_basic
D:2:      layout_rooms, lemuel_tele_altar
D:3:      layout_loops_ring, first_ration, st_stairs_8, grunt_ministairs_11,
          uniq_natasha
D:4:      layout_basic, minmay_temple_entry_tees, st_stairs_3
D:5:      layout_basic, chequers_serial_rivers_micro_b, minmay_holes
D:6:      layout_loops_ring, minmay_lizard_king, uniq_duvessa
D:7:      layout_cave_pods, serial_gnoll_camp, gnoll_camp_medium_02,
          gnoll_camp_mini_loothouse, gnoll_camp_mini_sergeant,
          gnoll_camp_mini_basic, gnoll_camp_mini_doghouse, gnoll_camp_mini_shop,
          uniq_menkaure
D:8:      layout_cave_pools, zin_academy, serial_shops,
          nicolae_shop_behind_doors, hangedman_little_slice_of_home
D:9:      layout_cave_pools, orc_david_3, serial_shops, kennysheep_mini_moat
D:10:     layout_loops_ring, enter_bailey_8, serial_shops,
          nicolae_shop_waterfront, uniq_joseph
D:11:     layout_irregular_city, grunt_lair_entry_orc_guard_hut,
          nicolae_ru_awakened_eye
D:12:     layout_roguey, uniq_psyche
D:13:     layout_stronghold, serial_shops, shop_statue, elyvilon_altar_4
D:14:     layout_long_grid, skrybe_vaults_entry_preservation,
          portal_ice_cave_entry_imps, nicolae_lava_and_water,
          grunt_ministairs_8, uniq_snorg
D:15:     hangedman_depths_entry_civil_slaughter, layout_layer_cave,
          yredelemnul_altar_generic, minivault_26
Temple:   nicolae_temple_the_god_donut
Lair:1:   layout_cave_pods, uniq_urug, uniq_sonja
Lair:2:   layout_regular_city, serial_forest, infiniplex_forest_3_way,
          infiniplex_forest_zigzag_1, infiniplex_forest_lined_3_way,
          infiniplex_forest_lined_corner, infiniplex_forest_clump_curved,
          infiniplex_forest_end_double, minmay_lair_oklob_chamber,
          infiniplex_staircase_pool
Lair:3:   layout_regular_city, uniq_prince_ribbit2
Lair:4:   layout_cave_pods, elwin_shoals_entry_stream,
          guppyfry_snake_entry_island, grunt_forest_small_clearings,
          chequers_serial_rivers_room_b, minivault_24
Lair:5:   layout_regular_city, minmay_slime_entry_jelly_boxes,
          serial_bayou_lake_a, serial_bayou_shore_b, grunt_megastairs_5,
          lemuel_fruit_fields
Lair:6:   due_jungle_book, layout_misc_corridors,
          gammafunk_ghost_berserking_beasts, gauntlet_entry_generic,
          uniq_josephine
Shoals:1: layout_shoals, serial_shops, shop, st_sunken_huts
Shoals:2: layout_shoals, lemuel_centaur_altar
Shoals:3: layout_shoals, uniq_ilsuiw
Shoals:4: shoals_end_grunt_ice, layout_shoals
Snake:1:  layout_basic, serial_shops, shop, uniq_aizul
Snake:2:  layout_onion_interference, basic_altar,
          nrook_guardian_serpent_ordinary, uniq_azrael
Snake:3:  layout_layer_cave, statue_in_the_mist_lemuel, uniq_kirke
Snake:4:  snake_pit_salamanders_mu, layout_basic, basic_altar,
          nicolae_snake_horde_hoard, serial_bayou_shore_b
Orc:1:    nicolae_orc_accident_2, layout_diamond_mine, guppyfry_library_mini
Orc:2:    st_orc_rangers, layout_diamond_mine, minmay_shop_mass
Elf:1:    elf_arrival_001, layout_gridlike, serial_shops, nicolae_shop_trees,
          orc_legates
Elf:2:    layout_geoelf_diagonals, gammafunk_ghost_berserking_beasts,
          st_stairs_10
Elf:3:    elf_hall_gauntlet_wide, layout_geoelf_diagonals, serial_shops, shop,
          corexii_checkpoint_a, corexii_checkpoint_a, uniq_saint_roka
Vaults:1: vaults_room_door_hall, hangedman_vaults_restitches,
          ontoclasm_vaults_tryst, vaults_room_grunt_arrival_ludios,
          v_alt_pattern_1, vaults_standard_mumra_x, nicolae_vaults_shelves_hall,
          nicolae_vaults_network_s, layout_vaults_omnigrid, basic_altar
Vaults:2: ontoclasm_vaults_claustrophobia, ontoclasm_vaults_pinch,
          v_alt_pattern_2, nicolae_vaults_network_star,
          nicolae_vaults_hallways_thing, minmay_crypt_entry_necro_gods,
          v_pattern_5, v_misc_30, nicolae_vaults_diagonal_hallway_8,
          hangedman_vaults_maws, dpeg_vaults_monster_box,
          layout_vaults_omnicross, serial_shops, shop, uniq_nikola
Vaults:3: vaults_room_hallway, hangedman_vaults_hat, kb_rosetta,
          ontoclasm_vaults_spin, v_alt_pattern_2, grunt_vaults_bifocal,
          v_rooms_6, vaults_room_grid, v_rooms_4, vaults_room_fours,
          nicolae_vaults_asterisk, ontoclasm_vaults_bender, v_misc_8,
          layout_vaults_maze, serial_shops, shop, shop
Vaults:4: v_rooms_4, vaults_standard_mumra_enter_the_diamond,
          vaults_dpeg_diagonal, grunt_vaults_funnel, vaults_room_door_hall,
          nicolae_vaults_mini_display_case, vaults_mumra_lcd,
          ontoclasm_vaults_decontamination, layout_vaults_big_room,
          enter_trove_2, serial_shops, shop, shop, shop, shop
Crypt:1:  layout_chaotic_city, uniq_boris
Crypt:2:  layout_misc_corridors, grunt_megastairs_3
Crypt:3:  due_elkab, layout_chaotic_city, tomb_entry_forgotten_bobbens,
          minmay_strange_pillars
Depths:1: layout_gridlike, minmay_room_of_horrors, pf_hell_entry_tar_spiral,
          kennysheep_cluttered_room, lightli_fourway_metalbox
Depths:2: minmay_tri_box, layout_cave_pools, enter_ziggurat_a,
          infiniplex_enter_wizlab_water, pan_entry, hell_entry, drop_trap
Depths:3: hangedman_six_sided_sadism, layout_gridlike, rand_demon_pan_entry_1,
          nicolae_benzene_ring, abyss_entry_small_statue_room, hell_entry
Depths:4: constructs_gauntlet_mu_hangedman, layout_gridlike, abyss_entry,
          grunt_hell_entry_dis_grunt
Abyss:2
Abyss:3:  grunt_abyss_rune_forest_and_sorcery,
          guppyfry_abyss_exit_spiral_guarded, minivault_4, patterned_corridor
Bailey:   bailey_axe_2, bailey
IceCv:    ice_cave_caverns_01
WizLab:   wizlab_doroklohe
Gauntlet: gammafunk_gauntlet_hard_choice [nicolae_gauntlet_arena_flowing_pool,
          nicolae_gauntlet_arena_x, gammafunk_gauntlet_arena_split_x,
          nicolae_gauntlet_arena_blocks, gammafunk_gauntlet_arena_hedges,
          gammafunk_gauntlet_arena_corners, gauntlet_exit_spiral]
